 Dungeon Sprint DCSS version 0.30.1-9-gdf580d7c3d (webtiles) character file.

Game seed: 1230697911640187963

59948 Groucho the Warrior (level 14, -1/108 HPs)
             Began as a Gargoyle Gladiator on Oct 9, 2023.
             Was a High Priest of Cheibriados.
             Killed from afar by an ironbound thunderhulk (7 damage)
             ... with a bolt of lightning
             ... in the Dungeon (Sprint IX: "|||||||||||||||||||||||||||||").
             The game lasted 00:15:38 (5356 turns).

Groucho the Warrior (Gargoyle Gladiator)            Turns: 5356, Time: 00:15:40

Health: -1/108     AC: 42    Str: 33    XL:     14   Next: 97%
Magic:  17/27      EV: 23    Int: 23    God:    Cheibriados [*****.]
Gold:   1954       SH:  0    Dex: 29    Spells: 13/13 levels left

rFire   . . .        n - +2 morningstar (protect)
rCold   . . .        (no shield)
rNeg    + . .        a - +2 plate armour
rPois   ∞            c - +0 helmet
rElec   +            C - +1 cloak
rCorr   .            B - +0 pair of gloves {hurl}
SInv    +            v - +0 pair of boots
Will    +....        (no amulet) Stlth
                     b - +2 ring of protection
HPRegen 0.38/turn    y - ring of see invisible
MPRegen 0.20/turn

%: no teleportation
@: flying, very slow
A: sickness immunity, AC +10, big wings, negative energy resistance 1,
electricity resistance, torment resistance 1, petrification resistance
a: Renounce Religion, Bend Time, Temporal Distortion, Slouch, Step From Time


You were in the Dungeon.
You worshipped Cheibriados.
Cheibriados was extremely pleased with you.
You visited 1 branch You collected 1954 gold pieces.

Inventory:

Hand Weapons
 n - a +2 morningstar of protection (weapon)
 A - the +27 heavy crossbow "Sniper" {heavy, Acc+∞ SInv}
   (You found it in the Dungeon)

   Acc+∞: It never misses its target.
   SInv:      It lets you see invisible.
Missiles
 d - 3 throwing nets (quivered)
 e - a javelin
Armour
 a - a +2 plate armour (worn)
 c - a +0 helmet (worn)
 v - a +0 pair of boots (worn)
 B - a +0 pair of gloves of hurling (worn)
 C - a +1 cloak (worn)
Jewellery
 b - a +2 ring of protection (left hand)
 p - a +3 ring of intelligence
 x - a ring of willpower
 y - a ring of see invisible (right hand)
 z - a ring of protection from cold
Wands
 m - a wand of light (10)
 w - a wand of iceblast (17)
 E - a wand of mindburst (12)
Scrolls
 l - 2 scrolls of amnesia
 r - 2 scrolls of fear
 s - 2 scrolls of enchant weapon
 t - 2 scrolls of identify
 u - a scroll of fog
 D - 2 scrolls of enchant armour
Potions
 g - a potion of might
 h - a potion of haste
 o - 2 potions of brilliance
 q - a potion of resistance


   Skills:
 + Level 20.1 Fighting
 + Level 18.7 Maces & Flails
 + Level 11.7 Ranged Weapons
 - Level 1.7 Throwing
 + Level 20.0 Armour
 + Level 15.9 Dodging
 + Level 19.3 Invocations


You had 13 spell levels left.
You didn't know any spells.
Your spell library was empty.

Dungeon Overview and Level Annotations

Branches:
Dungeon (1/1)

Altars:
Cheibriados
Dithmenos
Elyvilon
Fedhas
Gozag
Hepliaklqana
Kikubaaqudgha
Makhleb
Nemelex Xobeh
Okawaru
Qazlal
Ru
Sif Muna
Trog
Uskayaw
Vehumet
Wu Jian
Xom
Yredelemnul
Zin
The Shining One
Jiyva
Lugonu

Shops:
D [[[(


Innate Abilities, Weirdness & Mutations

You are immune to sickness and miasma.
Your stone body is resilient. (AC +10)
You are immune to poison.
Your large and strong wings let you fly.
You resist negative energy. (rN+)
You are resistant to electric shocks. (rElec)
You are resistant to unholy torment.
You are immune to petrification.


Message History

Magic courses through your body. The ice encasing you melts away.
The vault warden barely misses you.
The boggart casts a spell.
The boggart blinks!
An ironbound convoker comes into view. It is wielding a +0 morningstar.
Unknown command.
Activating: Slouch (0% risk of failure)
Press: ? - help, Dir - look around, f - activate You can feel time thicken for a moment.
You kill the vault warden!
Cheibriados thoroughly appreciates the change of pace.
Cheibriados raises the support of your attributes as your movement slows.
The runic seal fades away.
You kill the ironbound frostheart!
Cheibriados thoroughly appreciates the change of pace.
You kill the boggart!
Cheibriados appreciates the change of pace.
Your Armour skill increases to level 20!
Unknown command.
Unknown command.
Activating: Slouch (0% risk of failure)
Press: ? - help, Dir - look around, f - activate You can feel time thicken for a moment.
Cheibriados lowers the support of your attributes as your movement quickens.
Electricity crackles from the ironbound thunderhulk's apparatus.
The bolt of lightning hits you! You resist.
* * * LOW HITPOINT WARNING * * *
The ironbound convoker casts a spell at the ironbound thunderhulk.
The ironbound thunderhulk seems to grow stronger.
Unknown command.
Unknown command.
Okay, then.
You reach down and open the door.
The dire elephant completely misses you.
The dire elephant trunk-slaps you.
* * * LOW HITPOINT WARNING * * *
Electricity crackles from the ironbound thunderhulk's apparatus.
The bolt of lightning hits you! You resist.
You die...

▓▓▓▓▓▓▓▓▓▓▓▓▓▓▓▓▓▓▓▓▓▓▓▓
.pO)p[Y@'......)).......
▓▓▓▓▓▓▓▓▓▓▓▓▓▓▓▓▓▓▓▓▓▓▓▓▓▓▓▓▓▓▓▓▓
...))............................
▓▓▓▓▓▓▓▓▓♣♣♣♣♣♣♣♣♣♣▓▓▓▓▓▓▓▓▓▓▓▓▓▓
........'.........††...).)(('...)
▓▓▓▓▓▓▓▓▓♣♣♣♣♣♣♣♣♣♣▓▓▓▓▓▓▓▓▓▓▓▓▓▓
.................................
▓▓▓▓▓▓▓▓▓▓▓▓▓▓▓▓▓▓▓▓▓▓▓▓▓▓▓▓▓▓▓▓▓
.....[[...)).....!..![[.[[.[[[.))


You could see a dire elephant (strong), an ironbound thunderhulk (strong) and 2
ironbound convokers.

Vanquished Creatures
  A tentacled monstrosity (D)
  A lich (D)
  Kirke (D)
  A nagaraja (D)
  2 fire giants (D)
  A frost giant (D)
  A vault warden (D)
  An emperor scorpion (D)
  2 broodmothers (D)
  A stone giant (D)
  A very ugly thing (D)
  An ironbound thunderhulk (D)
  A vampire knight (D)
  2 eleionomae (D)
  A spark wasp (shapeshifter) (D)
  A fire dragon (D)
  4 ettins (D)
  A yaktaur captain (D)
  Harold (D)
  2 rakshasas (D)
  2 ice dragons (D)
  2 hydras (D)
  2 ironbound frosthearts (D)
  3 boulder beetles (D)
  2 deep troll shamans (D)
  5 death yaks (D)
  2 two-headed ogres (D)
  3 tengu warriors (D)
  11 orc high priests (D)
  A spriggan berserker (D)
  A hell knight (D)
  A goliath frog (D)
  An orb spider (D)
  A bog body (D)
  A glowing orange brain (D)
  A wizard (D)
  A swamp dragon (D)
  A mana viper (D)
  A sea snake (D)
  A naga ritualist (D)
  A lindwurm (D)
  A steelbarb worm (D)
  A salamander (D)
  An orc sorcerer (D)
  A manticore (D)
  3 cyclopes (D)
  3 merfolk sirens (D)
  2 black mambas (D)
  2 naga magi (D)
  Maurice (D)
  A torpor snail (D)
  A vault sentinel (D)
  5 cane toads (D)
  A rime drake (D)
  An efreet (D)
  2 komodo dragons (D)
  A tengu conjurer (D)
  A bloated husk (D)
  A troll (D)
  A tarantella (D)
  A wind drake (D)
  A tyrant leech (D)
  A slime creature (D)
  2 culicivoras (D)
  A jumping spider (shapeshifter) (D)
  A water elemental (D)
  A vampire (D)
  A wraith (D)
  2 wyverns (D)
  4 hogs (D)
  5 yaks (D)
  A redback (D)
  2 nagas (D)
  A water moccasin (D)
  An acid dragon (D)
  13 orc warriors (D)
  A black bear (D)
  A boggart (D)
  A centaur (D)
  4 bullfrogs (D)
  A wight (D)
  A howler monkey (D)
  A hound (D)
  9 orc priests (D)
  A gnoll bouda (D)
  2 orc wizards (D)
  An adder (D)
  An ufetubus (D)
  2 orcs (D)
  An endoplasm (D)
  A quokka (D)
  2 frilled lizards (D)
  A kobold (D)
  A foxfire (D)
171 creatures vanquished.

Vanquished Creatures (others)
  A will-o-the-wisp (D)
1 creature vanquished.

Grand Total: 172 creatures vanquished

Notes
Turn   | Place    | Note
-------+----------+-------------------------------------------
     0 | D        | Groucho the Gargoyle Gladiator began the quest for the Orb.
     0 | D        | Reached XP level 1. HP: 12/12 MP: 1/1
     7 | D        | Reached skill level 1 in Armour
    24 | D        | Noticed a black bear
    24 | D        | Noticed a hound
    24 | D        | Noticed a gnoll bouda
    30 | D        | Reached XP level 2. HP: 19/19 MP: 2/2
    32 | D        | Reached XP level 3. HP: 24/24 MP: 3/3
    36 | D        | Reached skill level 5 in Maces & Flails
    36 | D        | Reached XP level 4. HP: 30/30 MP: 4/4
    39 | D        | Killed a black bear
    40 | D        | Reached skill level 5 in Armour
    40 | D        | Reached skill level 5 in Dodging
    40 | D        | Reached XP level 5. HP: 36/36 MP: 5/5
    94 | D        | Found a snail-covered altar of Cheibriados.
    94 | D        | Found a shadowy altar of Dithmenos.
    94 | D        | Found a white marble altar of Elyvilon.
    94 | D        | Found a blossoming altar of Fedhas.
    94 | D        | Found an opulent altar of Gozag.
    95 | D        | Found a hazy altar of Hepliaklqana.
    96 | D        | Found a viscous altar of Jiyva.
    97 | D        | Found an ancient bone altar of Kikubaaqudgha.
    98 | D        | Became a worshipper of Cheibriados the Contemplative
    99 | D        | Found a corrupted altar of Lugonu.
   100 | D        | Found a burning altar of Makhleb.
   101 | D        | Found a sparkling altar of Nemelex Xobeh.
   102 | D        | Found an iron altar of Okawaru.
   103 | D        | Found a stormy altar of Qazlal.
   104 | D        | Found a sacrificial altar of Ru.
   105 | D        | Found a shimmering blue altar of Sif Muna.
   106 | D        | Found a bloodstained altar of Trog.
   107 | D        | Found a hide-covered altar of Uskayaw.
   108 | D        | Found a radiant altar of Vehumet.
   109 | D        | Found an ornate altar of the Wu Jian Council.
   110 | D        | Found a shimmering altar of Xom.
   111 | D        | Found a basalt altar of Yredelemnul.
   112 | D        | Found a glowing silver altar of Zin.
   113 | D        | Found a glowing golden altar of the Shining One.
   177 | D        | Noticed a wraith
   177 | D        | Noticed a yak
   177 | D        | Noticed a troll
   177 | D        | Noticed a two-headed ogre
   189 | D        | Killed a two-headed ogre
   190 | D        | Reached XP level 6. HP: 45/45 MP: 5/10
   190 | D        | Reached XP level 7. HP: 50/50 MP: 5/11
   196 | D        | Reached * piety under Cheibriados
   199 | D        | Killed a troll
   200 | D        | Reached XP level 8. HP: 51/56 MP: 6/13
   204 | D        | Killed a yak
   204 | D        | Reached ** piety under Cheibriados
   210 | D        | Killed a wraith
   217 | D        | Noticed a vampire
   217 | D        | Noticed a boulder beetle
   217 | D        | Noticed a tengu warrior
   217 | D        | Noticed a two-headed ogre
   221 | D        | Killed a two-headed ogre
   222 | D        | Reached skill level 10 in Fighting
   222 | D        | Reached skill level 10 in Armour
   222 | D        | Reached XP level 9. HP: 35/63 MP: 10/15
   225 | D        | Reached *** piety under Cheibriados
   226 | D        | Reached skill level 10 in Maces & Flails
   249 | D        | Killed a tengu warrior
   249 | D        | Reached **** piety under Cheibriados
   260 | D        | Killed a boulder beetle
   261 | D        | Reached XP level 10. HP: 23/71 MP: 6/17
   923 | D        | Noticed a black mamba
   925 | D        | Noticed a cane toad
   927 | D        | Reached ***** piety under Cheibriados
   927 | D        | Killed a black mamba
   927 | D        | Noticed a torpor snail
   928 | D        | Reached skill level 10 in Invocations
   936 | D        | Killed a cane toad
   942 | D        | Killed a torpor snail
   950 | D        | Reached skill level 10 in Dodging
  1190 | D        | Noticed a cane toad
  1190 | D        | Noticed a cane toad
  1190 | D        | Noticed a cane toad
  1195 | D        | Killed a cane toad
  1196 | D        | Noticed a cane toad
  1198 | D        | Reached ****** piety under Cheibriados
  1210 | D        | Killed a cane toad
  1213 | D        | Killed a cane toad
  1216 | D        | Reached XP level 11. HP: 70/78 MP: 19/19
  1239 | D        | Noticed a death yak
  1239 | D        | Noticed a death yak
  1239 | D        | Noticed a death yak
  1240 | D        | Noticed a death yak
  1245 | D        | Noticed a death yak
  1251 | D        | Killed a death yak
  1269 | D        | Killed a death yak
  1283 | D        | Killed a death yak
  1289 | D        | Killed a death yak
  1299 | D        | Killed a death yak
  1525 | D        | Noticed an orc high priest
  1542 | D        | Killed an orc high priest
  1789 | D        | Noticed an orc sorcerer
  1806 | D        | Killed an orc sorcerer
  1896 | D        | Found Yshrir's Weapon Boutique.
  1896 | D        | Noticed an orc high priest
  1896 | D        | Noticed an orc high priest
  1896 | D        | Noticed an orc high priest
  1896 | D        | Noticed an orc high priest
  1897 | D        | Noticed an orc high priest
  1902 | D        | Killed an orc high priest
  1902 | D        | Killed an orc high priest
  1902 | D        | Killed an orc high priest
  1903 | D        | Reached skill level 15 in Fighting
  1903 | D        | Reached skill level 15 in Armour
  1903 | D        | Reached XP level 12. HP: 77/88 MP: 6/22
  1903 | D        | Killed an orc high priest
  1903 | D        | Killed an orc high priest
  1929 | D        | Noticed an orc high priest
  1931 | D        | Noticed a sun demon
  1936 | D        | Noticed a soul eater
  1937 | D        | Killed an orc high priest
  1942 | D        | Found Fojunk's Antique Armour Shop.
  1946 | D        | Found Viotozan's Antique Armour Boutique.
  1946 | D        | Noticed an orc high priest
  1948 | D        | Found Feisyosch's Armour Shop.
  1948 | D        | Noticed an orc high priest
  1949 | D        | Noticed an orc high priest
  1953 | D        | Killed an orc high priest
  1955 | D        | Killed an orc high priest
  1955 | D        | Killed an orc high priest
  1959 | D        | Noticed an orc high priest
  1980 | D        | Killed an orc high priest
  1981 | D        | Reached skill level 15 in Maces & Flails
  2299 | D        | Noticed Harold
  2311 | D        | Killed Harold
  2312 | D        | Reached skill level 15 in Invocations
  2357 | D        | Noticed Maurice
  2364 | D        | Killed Maurice
  2398 | D        | Found the +13 scythe of Curses {drain, curses, Drain}
  2400 | D        | Found the +27 heavy crossbow "Sniper" {heavy, Acc+∞ SInv}
  2500 | D        | Noticed a boulder beetle
  2500 | D        | Noticed a tengu warrior
  2500 | D        | Noticed a boulder beetle
  2500 | D        | Noticed a six-headed hydra
  2505 | D        | Killed a six-headed hydra
  2506 | D        | Reached skill level 1 in Ranged Weapons
  2522 | D        | Killed a boulder beetle
  2525 | D        | Killed a boulder beetle
  2531 | D        | Killed a tengu warrior
  2533 | D        | Reached XP level 13. HP: 66/95 MP: 9/24
  2538 | D        | Noticed a vampire knight
  2540 | D        | Killed a vampire knight
  2618 | D        | Noticed an ettin
  2619 | D        | Noticed a lich
  2620 | D        | Killed a lich
  2620 | D        | Noticed an ice dragon
  2628 | D        | Killed an ettin
  2631 | D        | a wolf spider changed into a fire dragon
  2631 | D        | Noticed a fire dragon (glowing shapeshifter)
  2632 | D        | a fire dragon changed into a radroach
  2633 | D        | Killed an ice dragon
  2634 | D        | Reached skill level 5 in Ranged Weapons
  2634 | D        | a satyr changed into an ettin
  2634 | D        | Noticed an ettin (glowing shapeshifter)
  2642 | D        | an ettin changed into a fire dragon
  2642 | D        | Noticed a fire dragon (glowing shapeshifter)
  2658 | D        | a fire dragon changed into a great orb of eyes
  2658 | D        | Noticed a great orb of eyes (glowing shapeshifter)
  2659 | D        | a great orb of eyes changed into a tyrant leech
  2660 | D        | a tyrant leech changed into a broodmother
  2660 | D        | Noticed a broodmother (glowing shapeshifter)
  2662 | D        | a broodmother changed into a spark wasp
  2662 | D        | Noticed a spark wasp (glowing shapeshifter)
  2666 | D        | Killed a spark wasp
  3130 | D        | Noticed a nagaraja
  3153 | D        | Killed a nagaraja
  3657 | D        | Noticed an eleionoma
  3657 | D        | Noticed an eleionoma
  3678 | D        | Killed an eleionoma
  3682 | D        | Killed an eleionoma
  3796 | D        | Noticed a broodmother
  3796 | D        | Noticed a broodmother
  3799 | D        | Gained mutation: Your large and strong wings let you fly.
                  | [Gargoyle growth]
  3799 | D        | Reached XP level 14. HP: 104/104 MP: 15/26
  3809 | D        | Killed a broodmother
  3813 | D        | Killed a broodmother
  3820 | D        | Noticed an emperor scorpion
  3831 | D        | Killed an emperor scorpion
  3893 | D        | Noticed Kirke
  3917 | D        | Killed Kirke
  4339 | D        | Noticed a red very ugly thing
  4339 | D        | Noticed a fire giant
  4339 | D        | Noticed a stone giant
  4342 | D        | Killed a stone giant
  4347 | D        | Reached skill level 15 in Dodging
  4347 | D        | Killed a red very ugly thing
  4348 | D        | Killed a fire giant
  4349 | D        | Reached skill level 10 in Ranged Weapons
  4349 | D        | Noticed a fire giant
  4360 | D        | Noticed a tentacled monstrosity
  4368 | D        | Killed a fire giant
  4379 | D        | Killed a tentacled monstrosity
  4388 | D        | HP: 2/106 [ettin/+0 dire flail (24)]
  5209 | D        | Noticed a frost giant
  5234 | D        | Killed a frost giant
  5332 | D        | Noticed an ironbound thunderhulk
  5337 | D        | Killed an ironbound thunderhulk
  5338 | D        | Noticed a vault warden
  5339 | D        | Noticed a dire elephant
  5349 | D        | Noticed an ironbound thunderhulk
  5354 | D        | Killed a vault warden
  5356 | D        | Killed from afar by an ironbound thunderhulk

Illustrated notes

Levels and vault maps discovered:
D:        linesprint [early_d, line_temple, items_1, d_10, items_2, lair_1,
          lair_end, items_3, orc_1, orc_end, items_4, d_15, swamp_1, shoals_1,
          snake_1, spider_1, d_20, vaults_1, items_5, swamp_end, shoals_end,
          snake_end, spider_end, vaults_end, d_27, items_6, zot_1, zot_end,
          crypt_end, forest_end, elf_end, slime_end, tomb_end, abyss_end,
          pan_hell_end]

Skill      XL: |  1  2  3  4  5  6  7  8  9 10 11 12 13 14 |
---------------+-------------------------------------------+-----
Armour         | 2 3 4 5 8 9 10 11 13 15 16 18 20 | 20.0
Fighting       | 3 4 6 8 9 10 11 13 15 16 18 20 | 20.1
Dodging        | 3 4 5 6 7 8 9 10 12 13 14 15 | 15.9
Maces & Flails | 4 5 6 8 9 11 12 14 15 17 18 | 18.7
Invocations    | 6 8 9 11 14 15 17 19 | 19.3
Ranged Weapons | 3 8 11 | 11.7
Throwing       | |  1.7

Action                     |  1- 3 |  4- 6 |  7- 9 | 10-12 | 13-15 || total
---------------------------+-------+-------+-------+-------+-------++-------
  Melee: Flail             |    22 |     4 |       |       |       ||    26
         Morningstar       |       |     9 |    52 |   274 |   251 ||   586
         Punch             |       |       |       |     7 |     6 ||    13
   Fire: Heavy crossbow    |       |       |       |       |     7 ||     7
  Throw: Throwing net      |       |       |       |     2 |       ||     2
 Invoke: Slouch            |       |       |     2 |    20 |    36 ||    58
    Use: Potion            |     1 |     3 |     3 |     3 |    10 ||    20
         Scroll            |       |       |     1 |       |     3 ||     4
   Stab: Invisible         |       |     1 |     1 |       |       ||     2
 Armour: Leather armour    |    12 |     3 |       |       |       ||    15
         Chain mail        |       |     6 |    46 |    56 |       ||   108
         Plate armour      |       |       |       |    30 |   132 ||   162
  Dodge: Dodged            |    11 |    12 |    42 |   184 |   189 ||   438
